 Dungeon Crawl Stone Soup version 0.32-a0-872-g59262bdc9b (webtiles) character file.

Game seed: 10062328347895934624

207 601d51SH the Shield-Bearer (level 5, -2/47 HPs)
             Began as a Gnoll Fighter on Mar 31, 2024.
             Killed by nerve-wracking pain
             ... invoked by Grinder
              (3 damage)
             ... on level 3 of the Dungeon.
             The game lasted 00:04:03 (1637 turns).

601d51SH the Shield-Bearer (Gnoll Fighter)          Turns: 1637, Time: 00:04:04

Health: -2/47      AC:  7    Str: 17    XL:     5   Next: 85%
Magic:  7/7        EV:  8    Int:  8    God:
Gold:   145        SH:  5    Dex: 11    Spells: 7/7 levels left

rFire   . . .        a - +0 war axe
rCold   . . .        c - +0 buckler
rNeg    . . .        b - +0 scale mail
rPois   .            (no helmet)
rElec   .            (no cloak)
rCorr   .            (no gloves)
SInv    .            (no boots)
Will    .....        (no amulet) Stlth
                     (no ring)
HPRegen 0.27/turn    (no ring)
MPRegen 0.10/turn

%: no passive effects
@: no status effects
A: fangs 1, strong nose, distributed training
a: no special abilities


You were on level 3 of the Dungeon.
You visited 1 branch of the dungeon, and saw 3 of its levels.

You collected 145 gold pieces.

Inventory:

Hand Weapons
 a - a +0 war axe (weapon)
Armour
 b - a +0 scale mail (worn)
 c - a +0 buckler (worn)
Magical Staves
 p - a staff of alchemy
Jewellery
 n - a ring of poison resistance
Wands
 q - a wand of flame (16)
Scrolls
 e - a scroll of vulnerability {unknown}
 f - a scroll of acquirement {unknown}
 g - 5 scrolls of identify {unknown}
 k - 2 scrolls of poison {unknown}
 l - a scroll of immolation {unknown}
 o - a scroll of noise {unknown}
Potions
 d - a potion of might
 h - a potion of curing {unknown}
 i - a potion of heal wounds {unknown}
 j - a potion of mutation {unknown}
 m - 2 potions of invisibility {unknown}


   Skills:
 + Level 6.7 Fighting
 + Level 1.7 Short Blades
 + Level 1.7 Long Blades
 + Level 4.9 Axes
 + Level 1.7 Maces & Flails
 + Level 1.7 Polearms
 + Level 1.7 Staves
 + Level 1.7 Ranged Weapons
 + Level 1.7 Throwing
 + Level 6.7 Armour
 + Level 1.7 Dodging
 + Level 1.7 Stealth
 + Level 6.7 Shields
 + Level 1.7 Unarmed Combat
 + Level 1.7 Spellcasting
 + Level 1.3 Conjurations
 + Level 1.3 Hexes
 + Level 1.3 Summonings
 + Level 1.3 Necromancy
 + Level 1.3 Translocations
 + Level 1.3 Fire Magic
 + Level 1.3 Ice Magic
 + Level 1.3 Air Magic
 + Level 1.3 Earth Magic
 + Level 1.3 Alchemy
 + Level 2.0 Invocations
 + Level 1.7 Evocations
 + Level 1.5 Shapeshifting


You had 7 spell levels left.
You didn't know any spells.
Your spell library was empty.

Dungeon Overview and Level Annotations

Branches:
Dungeon (3/15)

Altars:
The Shining One

Shops:
D:1 [   D:2 =

Annotations:
D:3 Grinder


Innate Abilities, Weirdness & Mutations

You have very sharp teeth.
Your uncanny sense of smell can sniff out nearby items.
Your experience applies equally to all skills.


Message History

Grinder gestures at you. Pain shoots through your body!
You hit Grinder but do no damage.
Grinder is moderately wounded.
Grinder hits you.
You writhe in agony.
You hit Grinder.
Grinder is heavily wounded.
Grinder says, "Tell me all your secrets, or I'll kill you."
Grinder barely misses you. Grinder hits you but does no damage.
You closely miss Grinder.
Grinder is heavily wounded.
You block Grinder's attack.
You hit Grinder but do no damage.
Grinder is heavily wounded.
Grinder gestures at you.
You suddenly lose the ability to move!
Grinder barely misses you.
You can move again.
You hit Grinder.
Grinder is heavily wounded.
Grinder gestures at you. Pain shoots through your body!
* * * LOW HITPOINT WARNING * * *
You slash Grinder!
Grinder is severely wounded.
Grinder hits you.
* * * LOW HITPOINT WARNING * * *
You writhe in agony.
* * * LOW HITPOINT WARNING * * *
You block Grinder's attack.
You barely miss Grinder. Your bite misses Grinder.
Grinder is severely wounded.
Grinder gestures at you. You resist with significant effort.
You closely miss Grinder.
Grinder is severely wounded.
Grinder gestures at you. Pain shoots through your body!
You die...
Grinder sighs, "Dead already?
I want a refund."

.># #.# ###+## #.#
..!...###+### #.#
##..........# #.#
............###.########
............'.........<#
##....5.^...###.########
.......@....# #.#
####.....)..# #.####
#........# #....#
#........# #.##.#
#.######## #.##.# #.
#.##.# # #.##.# #.##.#
#####.##.#


You could see Grinder.

Vanquished Creatures
  Natasha (thrice) (D:2)
  4 adders (D:2)
  2 dart slugs
  2 ribbon worms (D:2)
  2 ball pythons (D:2)
  7 bats
  9 endoplasms
  4 giant cockroaches (D:1)
  5 hobgoblins
  17 jackals
  3 quokkas (D:1)
  2 frilled lizards (D:1)
  2 goblins
  12 kobolds
  7 rats
81 creatures vanquished.

Notes
Turn   | Place    | Note
-------+----------+-------------------------------------------
     0 | D:1      | 601d51SH the Gnoll Fighter began the quest for the Orb.
     0 | D:1      | Reached XP level 1. HP: 23/23 MP: 1/1
    46 | D:1      | Reached XP level 2. HP: 25/29 MP: 2/2
   124 | D:1      | Found Jomazok's Antique Armour Boutique.
   196 | D:1      | Reached XP level 3. HP: 35/35 MP: 3/3
   269 | D:1      | Reached skill level 1 in Invocations
   571 | D:1      | Reached skill level 1 in Short Blades
   571 | D:1      | Reached skill level 1 in Long Blades
   571 | D:1      | Reached skill level 1 in Maces & Flails
   571 | D:1      | Reached skill level 1 in Polearms
   571 | D:1      | Reached skill level 1 in Staves
   571 | D:1      | Reached skill level 1 in Ranged Weapons
   571 | D:1      | Reached skill level 1 in Throwing
   571 | D:1      | Reached skill level 1 in Dodging
   571 | D:1      | Reached skill level 1 in Stealth
   571 | D:1      | Reached skill level 1 in Unarmed Combat
   571 | D:1      | Reached skill level 1 in Spellcasting
   571 | D:1      | Reached skill level 1 in Evocations
   672 | D:2      | Found a faded altar of an unknown god.
   704 | D:2      | Found Bed Roaduso's Jewellery Emporium.
   725 | D:2      | Found a glowing golden altar of the Shining One.
   749 | D:2      | Reached skill level 1 in Shapeshifting
   749 | D:2      | Reached XP level 4. HP: 41/41 MP: 5/5
   804 | D:2      | Noticed Natasha
   822 | D:2      | Killed Natasha
   823 | D:2      | Reached skill level 1 in Conjurations
   823 | D:2      | Reached skill level 1 in Hexes
   823 | D:2      | Reached skill level 1 in Summonings
   823 | D:2      | Reached skill level 1 in Necromancy
   823 | D:2      | Reached skill level 1 in Translocations
   823 | D:2      | Reached skill level 1 in Fire Magic
   823 | D:2      | Reached skill level 1 in Ice Magic
   823 | D:2      | Reached skill level 1 in Air Magic
   823 | D:2      | Reached skill level 1 in Earth Magic
   823 | D:2      | Reached skill level 1 in Alchemy
  1083 | D:2      | Noticed Natasha
  1090 | D:2      | Killed Natasha
  1091 | D:2      | Reached XP level 5. HP: 47/47 MP: 5/7
  1164 | D:2      | Noticed Natasha
  1172 | D:2      | Killed Natasha
  1611 | D:3      | Noticed Grinder
  1618 | D:3      | Paralysed by Grinder for 5 turns
  1632 | D:3      | Paralysed by Grinder for 2 turns
  1635 | D:3      | HP: 1/47 [Grinder (4)]
  1637 | D:3      | Killed from afar by Grinder

Illustrated notes

Levels and vault maps discovered:
D:1:      dpeg_arrival_pond, layout_basic, serial_shops, nicolae_shop_stone
D:2:      minmay_angry_zag, layout_loops_cross, ebering_ecumenical_altar_rust,
          basic_altar, serial_shops, nicolae_shop_advertising_works
          [nicolae_subvault_shop_adworks], uniq_natasha
D:3:      layout_basic, nicolae_ashenzari_skybound,
          gammafunk_temple_overflow_pools, kennysheep_path_1, uniq_grinder

Skill      XL: |  1  2  3  4  5 |
---------------+----------------+-----
Invocations    | 1 2 |  2.0
Short Blades   | 1 |  1.7
Long Blades    | 1 |  1.7
Maces & Flails | 1 |  1.7
Polearms       | 1 |  1.7
Staves         | 1 |  1.7
Ranged Weapons | 1 |  1.7
Throwing       | 1 |  1.7
Dodging        | 1 |  1.7
Stealth        | 1 |  1.7
Unarmed Combat | 1 |  1.7
Spellcasting   | 1 |  1.7
Evocations     | 1 |  1.7
Shapeshifting  | 1 |  1.5
Conjurations   | 1 |  1.3
Hexes          | 1 |  1.3
Summonings     | 1 |  1.3
Necromancy     | 1 |  1.3
Translocations | 1 |  1.3
Fire Magic     | 1 |  1.3
Ice Magic      | 1 |  1.3
Air Magic      | 1 |  1.3
Earth Magic    | 1 |  1.3
Alchemy        | 1 |  1.3
Fighting       | |  6.7
Axes           | |  4.9
Armour         | |  6.7
Shields        | |  6.7

Action                     |  1- 3 |  4- 6 || total
---------------------------+-------+-------++-------
  Melee: War axe           |    96 |   138 ||   234
         Bite              |     7 |    14 ||    21
 Armour: Scale mail        |    70 |   100 ||   170
  Dodge: Dodged            |    53 |    48 ||   101
  Block: Buckler           |    28 |    40 ||    68

Table legend: (Time is in decaauts)
 A = Elapsed time spent in this place.
 B = Non-inter-level travel time spent in this place.
 C = Inter-level travel time spent in this place.
 D = Time resting spent in this place.
 E = Time spent auto-exploring this place.
 F = Levels seen in this place.
 G = Mean time per level.
                   A        B        C        D        E       F      G
               +--------+--------+--------+--------+--------+-----+--------+
         Total |   1706 |   1679 |     27 |      0 |   1151 |   3 |  568.7 |
       Dungeon |   1706 |   1679 |     27 |      0 |   1151 |   3 |  568.7 |
               +--------+--------+--------+--------+--------+-----+--------+

Top non-repeatable levels by time:
     D:2: 967 daAuts
     D:1: 666 daAuts
     D:3: 73 daAuts
